 Dungeon Crawl Stone Soup version 0.17-a0-968-gf8e1f1d (webtiles) character file.

245 laxity the Magician (level 5, -3/28 HPs)
             Began as a Deep Elf Fire Elementalist on May 9, 2015.
             Slain by Sigmund
             ... wielding a +0 scythe
              (6 damage)
             ... on level 3 of the Dungeon.
             The game lasted 00:05:40 (3039 turns).

laxity the Magician (Deep Elf Fire Elementalist)    Turns: 3039, Time: 00:05:40

Health: -3/28      AC:  2    Str:  5    XL:     5   Next: 84%
Magic:  5/14       EV: 13    Int: 21    God:
Gold:   123        SH:  0    Dex: 15    Spells: 4 memorised, 4 levels left

rFire  . . .     SeeInvis .     l - +1 dagger (venom)
rCold  . . .     Clarity  .     a - +0 robe
rNeg   . . .     SustAb   .     (no shield)
rPois  +         Gourm    .     (no helmet)
rElec  .         Spirit   .     (no cloak)
rCorr  .         Warding  .     (no gloves)
rMut   .         Stasis   .     (no boots)
MR     .....                    (no amulet)
Stlth  ++........               n - ring of poison resistance
                                h - ring of teleport control

@: very slightly contaminated, not resistant to hostile enchantments, unstealthy
A: no striking features
a: Evoke Teleport Control


You were on level 3 of the Dungeon.
You were hungry.

You visited 1 branch of the dungeon, and saw 3 of its levels.

You collected 123 gold pieces.

Inventory:

Hand weapons
 f - a cursed -3 dagger
 l - a +1 dagger of venom (weapon)
Armour
 a - a +0 robe (worn)
Jewellery
 h - a ring of teleport control (left hand)
 n - a ring of poison resistance (right hand)
Scrolls
 d - 4 scrolls of identify {unknown}
 e - a scroll of blinking {unknown}
 g - a scroll of random uselessness {unknown}
 i - a scroll of amnesia {unknown}
 m - a scroll of recharging {unknown}
 p - 2 scrolls of immolation {unknown}
 q - a scroll of fear {unknown}
 t - a scroll of enchant weapon {unknown}
Books
 b - a book of Flames

   Spells                             Type                      Level
   a - Flame Tongue                   Conjuration/Fire             1
   b - Throw Flame                    Conjuration/Fire             2
   c - Conjure Flame                  Conjuration/Fire             3
   d - Inner Flame                    Hexes/Fire                   3
   e - Sticky Flame                   Conjuration/Fire             4
   f - Fireball                       Conjuration/Fire             5
Comestibles
 c - a bread ration
 k - a meat ration
 o - a beef jerky
 r - 3 fruits
 s - 3 chunks of flesh


   Skills:
 - Level 2.4 Dodging
 - Level 2.4 Stealth
 + Level 5.4 Spellcasting
 + Level 3.6 Conjurations
 + Level 5.0 Fire Magic


You had 4 spell levels left.
You knew the following spells:

 Your Spells              Type           Power        Failure   Level  Hunger
a - Flame Tongue          Conj/Fire      ###..        1%          1    None
b - Throw Flame           Conj/Fire      ###...       2%          2    None
c - Conjure Flame         Conj/Fire      ###.....     6%          3    ##.....
d - Sticky Flame          Conj/Fire      ###.....     21%         4    ####...


Dungeon Overview and Level Annotations

Branches:
Dungeon (3/15)

Altars:

Annotations:
D:3 Sigmund


Message History

Confirm with . or Enter, or press ? or * to list all spells.
Aiming: Sticky Flame
Press: ? - help, Shift-Dir - straight line, f - orc priest, p - Sigmund
Aim: an orc priest, wielding a flail You miscast Sticky Flame.
You are very lightly contaminated with residual magic.
You smell smoke.
You are feeling hungry.
You kill the orc!
The orc priest barely misses you. The orc closely misses you.
Unknown command.
Casting: Sticky Flame
Confirm with . or Enter, or press ? or * to list all spells.
Aiming: Flame Tongue
Press: ? - help, Shift-Dir - straight line, f/p - orc priest
Aim: an orc priest, wielding a flail The flame tongue hits the orc priest.
The orc priest is almost dead.
Sigmund hits you from afar with a scythe.
You die...

.##.###.### #........#
....# #...####.####.....
...## ###..##..## #...#.
#)#####.........# #..###
#.....#.........# #....#
#####.#.........###......
...##..#########..@......
##.....####### #oo...o...
#####.......###@o.....>.
###......#####....##
####..## #..## #### ..#
##


You could see Sigmund, an orc priest, an orc wizard and 2 orcs.

Vanquished Creatures
  2 orc priests (D:3)
  Terence (D:3)
  An orc wizard (D:3)
  4 adders
  2 oozes (D:3)
  A worm (D:3)
  5 giant geckos
  10 orcs (D:3)
  2 bats (D:1)
  3 giant cockroaches
  13 hobgoblins
  3 jackals (D:2)
  5 giant newts
  9 goblins
  5 kobolds
  4 quokkas
  11 rats
81 creatures vanquished.

Notes
Turn   | Place    | Note
--------------------------------------------------------------
     0 | D:1      | laxity, the Deep Elf Fire Elementalist, began the quest for the Orb.
     0 | D:1      | Reached XP level 1. HP: 10/10 MP: 6/6
   202 | D:1      | Reached XP level 2. HP: 13/15 MP: 1/8
  1032 | D:1      | Reached XP level 3. HP: 19/19 MP: 8/10
  1225 | D:2      | Reached skill level 4 in Fire Magic
  1519 | D:2      | Learned a level 2 spell: Throw Flame
  1523 | D:2      | Learned a level 3 spell: Conjure Flame
  1680 | D:3      | Noticed Terence
  2008 | D:3      | Reached XP level 4. HP: 24/24 MP: 10/12
  2386 | D:3      | Reached XP level 5. HP: 11/28 MP: 1/14
  2534 | D:3      | Reached skill level 5 in Spellcasting
  2646 | D:3      | Learned a level 4 spell: Sticky Flame
  2696 | D:3      | Killed Terence
  2922 | D:3      | Reached skill level 5 in Fire Magic
  2990 | D:3      | Noticed Sigmund
  3039 | D:3      | Slain by Sigmund

Action                   |  1- 3 |  4- 6 || total
-------------------------+-------+-------++-------
Melee: Dagger            |       |     5 ||     5
 Cast: Flame Tongue      |    83 |    39 ||   122
       Throw Flame       |       |    26 ||    26
       Sticky Flame      |       |     1 ||     1
  Use: Potion            |       |     1 ||     1
  Eat: Chunk             |     2 |     4 ||     6
